 Dungeon Crawl Stone Soup version 0.24.1-5-g77f818bfca (webtiles) character file.

Game seed: 17237604743731468841, levelgen mode: deterministic

174 nightchill the Cudgeler (level 5, -3/32 HPs)
             Began as a Gargoyle Gladiator on Apr 24, 2020.
             Slain by an ogre
             ... wielding a +0 giant club
              (26 damage)
             ... on level 4 of the Dungeon.
             The game lasted 00:06:47 (3524 turns).

nightchill the Cudgeler (Gargoyle Gladiator)        Turns: 3524, Time: 00:06:47

Health: -3/32      AC: 10    Str: 18    XL:     5   Next: 54%
Magic:  5/5        EV: 11    Int:  9    God:
Gold:   189        SH:  0    Dex: 11    Spells: 4/4 levels left

rFire    . . .     SeeInvis .   a - +0 flail
rCold    . . .     Gourm    .   (no shield)
rNeg     + . .     Faith    .   i - +0 ring mail
rPois    ∞         Spirit   .   c - +0 helmet
rElec    +         Reflect  .   (no cloak)
rCorr    .         Harm     .   (no gloves)
MR       .....                  (no boots)
Stlth    +.........             (no amulet)
HPRegen  0.10/turn              (no ring)
MPRegen  0.09/turn              (no ring)

@: no status effects
A: negative energy resistance 1, electricity resistance, unbreathing,
petrification resistance, rot immunity, AC +4
a: no special abilities


You were on level 4 of the Dungeon.
You were near starving.

You visited 1 branch of the dungeon, and saw 4 of its levels.

You collected 189 gold pieces.

Inventory:

Hand Weapons
 a - a +0 flail (weapon)
 h - a +2 dagger of speed
 j - a +0 hunting sling
Missiles
 d - 3 throwing nets (quivered)
 e - 114 stones
 s - 14 poisoned darts
Armour
 b - a +0 leather armour
 c - a +0 helmet (worn)
 i - a +0 ring mail (worn)
Scrolls
 g - a scroll of fog {unknown}
 k - a scroll of remove curse {unknown}
 l - a scroll of noise {unknown}
 m - 3 scrolls of amnesia {unknown}
 o - a scroll of enchant weapon {unknown}
 p - a scroll of enchant armour {unknown}
 q - a scroll of identify {unknown}
Potions
 n - a potion of lignification {unknown}
 r - 2 potions of brilliance {unknown}
Comestibles
 f - 7 rations


   Skills:
 + Level 3.3 Fighting
 * Level 5.4 Maces & Flails
 - Level 1.7 Throwing
 - Level 1.0 Armour
 - Level 2.4 Dodging


You had 4 spell levels left.
You didn't know any spells.
Your spell library was empty.

Dungeon Overview and Level Annotations

Branches:
Dungeon (4/15)
 Temple: D:4-7

Altars:
Cheibriados
Elyvilon


Innate Abilities, Weirdness & Mutations

You are resistant to torment.
Your stone body is resilient. (AC +4)
You are immune to poison.
You resist negative energy. (rN+)
You are resistant to electric shocks. (rElec)
You can survive without breathing.
You are immune to petrification.
You are immune to rotting.


Message History

You climb downwards.
There is a stone staircase leading up here.
You open the door.
A centaur skeleton comes into view.
You thump the centaur skeleton!
The centaur skeleton is moderately damaged.
The centaur skeleton hits you.
An ogre comes into view. It is wielding a +0 giant club.
The centaur skeleton hits you but does no damage.
You sock the centaur skeleton!
The centaur skeleton is severely damaged.
The centaur skeleton hits you but does no damage.
You sock the centaur skeleton!
You destroy the centaur skeleton!
You barely miss the ogre. The ogre hits you with a +0 giant club!
You hit the ogre.
The ogre is lightly wounded.
The ogre hits you with a +0 giant club!!
Ouch! That really hurt!
You die...

.. # ####+#######
...##.#...........
......#...........
......O...........
#@..........
#...........
#<..........
#...........
#..........#
#..........#
#.....##+###
#.....# #.....#


You could see an ogre.

Vanquished Creatures
  An orc wizard (D:3)
  A centaur skeleton (D:4)
  3 adders
  2 dart slugs
  A leopard gecko (D:3)
  3 orcs (D:3)
  A ball python (D:2)
  6 giant cockroaches
  13 goblins
  17 hobgoblins
  3 jackals (D:1)
  A quokka (D:3)
  10 bats
  3 frilled lizards
  5 kobolds
  12 rats
82 creatures vanquished.

Notes
Turn   | Place    | Note
-------+----------+-------------------------------------------
     0 | D:1      | nightchill the Gargoyle Gladiator began the quest for the
                  | Orb.
     0 | D:1      | Reached XP level 1. HP: 12/12 MP: 1/1
   204 | D:1      | You fall into a shaft and drop 1 floor!
   219 | D:1      | Reached XP level 2. HP: 15/17 MP: 2/2
   366 | D:1      | Found a white marble altar of Elyvilon.
   742 | D:1      | Reached skill level 4 in Maces & Flails
   742 | D:1      | Reached XP level 3. HP: 20/21 MP: 3/3
  1792 | D:2      | Reached XP level 4. HP: 27/27 MP: 4/4
  1856 | D:2      | Reached skill level 1 in Armour
  2739 | D:3      | Reached skill level 5 in Maces & Flails
  2739 | D:3      | Reached XP level 5. HP: 12/32 MP: 5/5
  3255 | D:3      | Found a snail-covered altar of Cheibriados.
  3520 | D:4      | Noticed an ogre
  3524 | D:4      | Slain by an ogre

Levels and vault maps discovered:
D:1:      minmay_arrival_wavy_path, layout_basic, kennysheep_another_room,
          grunt_decor_cap, minmay_misc_feat_x, chequers_serial_rivers_micro_d,
          minmay_hexomino_r4
D:2:      layout_rooms
D:3:      layout_basic, first_ration, kennysheep_slug_shrine
D:4:      layout_gridville, kennysheep_generic_room_14, uniq_pikel,
          uniq_menkaure

Skill      XL: |  1  2  3  4 |
---------------+-------------+-----
Maces & Flails | 4 5 |  5.4
Armour         | 1 |  1.0
Fighting       | 3 |  3.3
Throwing       | |  1.7
Dodging        | |  2.4

Action                   |  1- 3 |  4- 6 || total
-------------------------+-------+-------++-------
Melee: Flail             |   145 |   146 ||   291
Throw: Throwing net      |       |     2 ||     2
  Use: Potion            |       |     2 ||     2
  Eat: Chunk             |     3 |     4 ||     7
Armor: Leather armour    |     9 |       ||     9
       Ring mail         |    61 |   110 ||   171
Dodge: Dodged            |   107 |   132 ||   239
